 Dungeon Crawl Stone Soup version 0.26.0-8-g74fc34ddfb (webtiles) character file.

Game seed: 4742293440855926419

833 ythm the Geomancer (level 7, -4/57 HPs)
             Began as a Deep Dwarf Earth Elementalist on Jan 12, 2021.
             Slain by a gnoll
             ... wielding a +0 flail
              (11 damage)
             ... on level 5 of the Dungeon.
             The game lasted 00:19:14 (4791 turns).

ythm the Geomancer (Deep Dwarf Earth Elementalist)  Turns: 4791, Time: 00:19:14

Health: -4/57      AC:  3    Str: 12    XL:     7   Next: 65%
Magic:  6/10       EV:  7    Int: 17    God:
Gold:   210        SH:  0    Dex: 13    Spells: 1/10 levels left

rFire    + . .     SeeInvis .   E - +2 mace (holy)
rCold    . . .     Faith    .   (no shield)
rNeg     . . .     Spirit   .   c - +0 robe
rPois    .         Reflect  +   C - +0 helmet
rElec    .         Harm     .   (no cloak)
rCorr    .         Rampage  .   (no gloves)
Will     +....                  (no boots)
Stlth    ++........             l - amulet of reflection
HPRegen  0.00/turn              v - ring of protection from fire
MPRegen  0.12/turn              (no ring)

@: held, non-regenerating
A: damage resistance, heal wounds, sense surroundings 1, no regeneration
a: Heal Wounds


You were on level 5 of the Dungeon.
You visited 1 branch of the dungeon, and saw 5 of its levels.

You collected 319 gold pieces.
You spent 109 gold pieces at shops.

Inventory:

Hand Weapons
 e - a +0 spear
 g - a +0 hand axe
 h - a +0 short sword
 m - a +0 hunting sling
 s - a +0 flail
 z - a +0 quarterstaff
 E - a +2 mace of holy wrath (weapon)
 F - a +0 war axe
Missiles
 b - 5 stones
Armour
 c - a +0 robe (worn)
 C - a +0 helmet (worn)
Jewellery
 l - an amulet of reflection (around neck)
 v - a ring of protection from fire (left hand)
Scrolls
 f - 2 scrolls of random uselessness {unknown}
 i - a scroll of noise
 j - 2 scrolls of teleportation {unknown}
 k - a scroll of blinking {unknown}
 p - 2 scrolls of amnesia {unknown}
 r - 2 scrolls of immolation {unknown}
 u - a scroll of enchant weapon {unknown}
 w - 2 scrolls of fog
 y - 4 scrolls of remove curse {unknown}
 B - 6 scrolls of identify {unknown}
 D - a scroll of enchant armour {unknown}
Potions
 a - 3 potions of curing {unknown}
 d - 2 potions of lignification {unknown}
 n - 2 potions of brilliance {unknown}
 o - 2 potions of degeneration {unknown}
 q - 2 potions of heal wounds {unknown}
 t - 3 potions of flight {unknown}
 x - a potion of might {unknown}
 A - a potion of mutation {unknown}


   Skills:
 - Level 1.0 Fighting
 + Level 2.7 Dodging
 + Level 3.5 Stealth
 + Level 2.3 Spellcasting
 + Level 2.8 Conjurations
 - Level 1.0 Transmutations
 * Level 10.1 Earth Magic


You had one spell level left.
You knew the following spells:

 Your Spells              Type           Power        Failure   Level
a - Sandblast             Erth           72%          1%          1
b - Stone Arrow           Conj/Erth      48%          4%          3
c - Lee's Rapid Deconstr  Erth           18%          9%          5

Your spell library contained the following spells:

 Spells                   Type           Power        Failure   Level
 Passwall                 Tmut/Erth      16%          3%          2
 Petrify                  Tmut/Erth      20%          19%         4


Dungeon Overview and Level Annotations

Branches:
Dungeon (5/15)
 Temple: D:4-7

Altars:

Shops:
D:4 :*[(   D:5 =


Innate Abilities, Weirdness & Mutations

You are resistant to damage.
You can heal yourself by infusing magical energy.
You passively map a small area around you.
You do not regenerate.


Message History

Confirm with . or Enter, or press ? or * to list all spells.
Aiming: Sandblast (safe; 1% risk of failure)
Press: ? - help, Shift-Dir - straight line, f - gnoll
Aim: a gnoll, wielding a +2 vorpal flail (16% to evade)
The blast of sand misses the gnoll.
Casting: Sandblast (safe; 1% risk of failure)
Confirm with . or Enter, or press ? or * to list all spells.
Aiming: Sandblast (safe; 1% risk of failure)
Press: ? - help, Shift-Dir - straight line, f/p - gnoll
Aim: a gnoll, wielding a +2 vorpal flail (16% to evade)
The blast of sand hits the gnoll!!
You kill the gnoll!
The gnoll misses you.
The gnoll throws a throwing net.
The throwing net hits you.
You become entangled in the net!
You see here a throwing net.
You tear a large gash into the net.
The gnoll hits you with a +0 flail!
* * * LOW HITPOINT WARNING * * *
You fail to use your ability.
The gnoll hits you with a +0 flail!
You die...

##### ##...# *#
.. ## ....### .#
... ##.
g....###.# * #.#
... *
.g.$....#**
≈*#.. ..
###.##....# ,
#.##.
###...#.g..# , ,
*....
#......g@#.# , ,
, ###.. *
#..#..#..### ≈,,
#...∩ ,
##...##..#.## ,
≈ ###.. ** ,
##.........# ,,
## #.. ,
.#.....#....## ,
..###.. *
...............#
, .......
..#.##.........#
.#..... .. ##
##....###.#
...#... . ##
#...†..##.#
#......#


You could see 2 gnolls.

Vanquished Creatures
  A sky beast (D:2)
  An ice beast (D:3)
  An ogre (D:5)
  A centaur (D:5)
  A hound (D:5)
  3 orc priests (D:3)
  A bullfrog zombie (D:3)
  A jelly (D:4)
  An iguana (D:4)
  3 worker ants
  A hound skeleton (D:4)
  2 gnolls (D:5)
  5 adders
  2 white imps (D:5)
  4 oozes
  3 worms (D:2)
  2 dart slugs
  6 leopard geckos
  7 orcs
  10 bats
  2 giant cockroaches
  5 goblins
  9 hobgoblins
  4 quokkas
  2 ball pythons
  4 frilled lizards
  A jackal skeleton (D:4)
  13 kobolds
  5 rats
101 creatures vanquished.

Notes
Turn   | Place    | Note
-------+----------+-------------------------------------------
     0 | D:1      | ythm the Deep Dwarf Earth Elementalist began the quest for
                  | the Orb.
     0 | D:1      | Reached XP level 1. HP: 15/15 MP: 3/3
   100 | D:1      | Reached skill level 1 in Transmutations
   175 | D:1      | Reached XP level 2. HP: 22/22 MP: 2/4
   404 | D:1      | Reached skill level 5 in Earth Magic
   656 | D:1      | Reached XP level 3. HP: 28/28 MP: 4/6
   660 | D:1      | Learned a level 3 spell: Stone Arrow
  1298 | D:2      | Noticed a sky beast
  1329 | D:2      | Killed a sky beast
  1330 | D:2      | Reached skill level 1 in Conjurations
  1330 | D:2      | Reached skill level 6 in Earth Magic
  1330 | D:2      | Reached XP level 4. HP: 29/36 MP: 0/7
  1330 | D:2      | Reached XP level 5. HP: 34/42 MP: 0/8
  1913 | D:2      | Reached skill level 7 in Earth Magic
  2148 | D:3      | Noticed an ice beast
  2160 | D:3      | Killed an ice beast
  2161 | D:3      | Reached skill level 1 in Fighting
  2161 | D:3      | Reached XP level 6. HP: 40/51 MP: 6/9
  2167 | D:3      | Learned a level 5 spell: Lee's Rapid Deconstruction
  2431 | D:3      | Reached skill level 8 in Earth Magic
  2851 | D:3      | Reached skill level 9 in Earth Magic
  3181 | D:4      | Found Upnug's Assorted Antiques.
  3187 | D:4      | Bought a sedimented green potion for 20 gold pieces
  3187 | D:4      | Bought a fizzy pink potion for 20 gold pieces
  3187 | D:4      | Bought a scroll labelled FARCHO QUAQIOB for 23 gold pieces
  3187 | D:4      | Bought a scroll labelled PAHILUIROTAE for 23 gold pieces
  3187 | D:4      | Bought a scroll labelled HIGHEI QEPH for 23 gold pieces
  3400 | D:4      | Found Numodius's Antique Weapon Shoppe.
  3724 | D:4      | Reached XP level 7. HP: 25/57 MP: 3/10
  3807 | D:4      | Found Dualury's Armour Boutique.
  3825 | D:4      | Found Zarph's Book Emporium.
  4064 | D:5      | Entered Level 5 of the Dungeon
  4443 | D:5      | Found Kyho's Jewellery Shop.
  4549 | D:5      | HP: 2/57 [centaur/arrow (9)]
  4564 | D:5      | Reached skill level 10 in Earth Magic
  4791 | D:5      | Slain by a gnoll

Illustrated notes

Levels and vault maps discovered:
D:1:      mushboom_english_gardens, layout_loops_ring,
          chequers_serial_rivers_large_b, minmay_fountain_box
D:2:      layout_loops_ring
D:3:      layout_loops_ring, minmay_bisected
D:4:      layout_basic, serial_shops, shop, shop, nicolae_shop_trees,
          nicolae_shop_crystal
D:5:      kennysheep_steamy, layout_cave_pools, serial_shops, shop,
          serial_bayou_crossing, uniq_edmund

Skill      XL: |  1  2  3  4  5  6  7 |
---------------+----------------------+-----
Transmutations | 1 |  1.0
Spellcasting   | 2 |  2.3
Earth Magic    | 5 6 7 9 10 | 10.1
Stealth        | 3 |  3.5
Conjurations   | 1 2 |  2.8
Fighting       | 1 |  1.0
Dodging        | |  2.7

Action                   |  1- 3 |  4- 6 |  7- 9 || total
-------------------------+-------+-------+-------++-------
Melee: Spear             |     2 |       |       ||     2
       Short sword       |       |     6 |       ||     6
       Mace              |       |       |    12 ||    12
 Cast: Sandblast         |    55 |    72 |    15 ||   142
       Stone Arrow       |       |     8 |    15 ||    23
 Abil: Heal Wounds       |       |       |     3 ||     3
  Use: Scroll            |       |     2 |       ||     2
 Stab: Sleeping          |     1 |       |       ||     1
Armor: Robe              |     4 |     3 |     3 ||    10
Dodge: Dodged            |     5 |     7 |    22 ||    34
Block: Other             |     2 |     2 |    14 ||    18
       Reflection        |       |     1 |     3 ||     4
